 Dungeon Crawl Stone Soup version 0.28.0-53-g5a82cb258f (webtiles) character file.

Game seed: 12087134590327299637

2874 Jerry the Skirmisher (level 9, -22/49 HPs)
             Began as a Vine Stalker Fighter on July 29, 2022.
             Was a High Priest of Uskayaw.
             Annihilated by Grum
             ... wielding a +1 glaive
              (23 damage)
             ... on level 8 of the Dungeon.
             The game lasted 00:30:35 (7832 turns).

Jerry the Skirmisher (Vine Stalker Fighter)         Turns: 7832, Time: 00:30:35

Health: -22/49     AC: 12    Str: 26    XL:     9   Next: 76%
Magic:  0/13       EV: 10    Int:  8    God:    Uskayaw [*****.]
Gold:   518        SH:  8    Dex: 17    Spells: 8/8 levels left

rFire   + . .      SeeInvis .   a - +1 rapier
rCold   . . .      Faith    +   g - +2 buckler {rF+}
rNeg    . . .      Spirit   +   m - +4 ring mail
rPois   .          Reflect  .   i - +1 helmet
rElec   .          Harm     .   (no cloak)
rCorr   +          Rampage  .   (no gloves)
Will    +....                   (no boots)
Stlth   +.........              f - amulet of faith
HPRegen 0.96/turn               k - +6 ring of strength
MPRegen 0.13/turn               o - ring of resist corrosion

@: no status effects
A: fangs 3, regeneration 1, magic shield, antimagic bite, no potion heal 2
a: Renounce Religion, Stomp, Line Pass, Grand Finale


You were on level 8 of the Dungeon.
You worshipped Uskayaw.
Uskayaw was noncommittal.
You visited 2 branches of the dungeon, and saw 9 of its levels.
You also visited: Sewer.

You collected 546 gold pieces.
You spent 28 gold pieces at shops.

Inventory:

Hand Weapons
 a - a +1 rapier (weapon)
 b - a +1 dagger of flaming
 j - a +3 falchion
Armour
 g - a +2 buckler of fire resistance (worn)
 i - a +1 helmet (worn)
 m - a +4 ring mail (worn)
Jewellery
 f - an amulet of faith (around neck)
 k - a +6 ring of strength (left hand)
 o - a ring of resist corrosion (right hand)
Wands
 n - a wand of iceblast (7)
Scrolls
 e - a scroll of fear
 l - 2 scrolls of teleportation
Potions
 c - a potion of flight {unknown}
 d - a potion of might
 h - 2 potions of invisibility {unknown}
 p - a potion of cancellation
 t - 2 potions of lignification
 v - a potion of mutation
 w - 2 potions of haste
 x - 3 potions of brilliance


   Skills:
 + Level 6.4 Fighting
 - Level 4.8(5.4) Short Blades
 + Level 3.3(4.6) Long Blades
 + Level 5.8 Armour
 - Level 5.3 Shields
 + Level 4.7 Invocations


You had 8 spell levels left.
You didn't know any spells.
Your spell library contained the following spells:

 Spells                   Type           Power      Damage    Failure   Level
 Slow                     Hex            0%         N/A       63%         1
 Ensorcelled Hibernation  Hex/Ice        0%         N/A       77%         2
 Sublimation of Blood     Necr           0%         N/A       77%         2
 Confusing Touch          Hex            0%         N/A       94%         3
 Spider Form              Tmut/Pois      0%         N/A       94%         3
 Vampiric Draining        Necr           0%         2d6       94%         3
 Anguish                  Hex/Necr       0%         N/A       100%        4
 Petrify                  Tmut/Erth      0%         N/A       100%        4
 Irradiate                Conj/Tmut      0%         3d13      100%        5


Dungeon Overview and Level Annotations

Branches:
Dungeon (8/15)             Temple (1/1) D:5           Sewer (visited)
   Lair: D:8-11

Altars:
Ashenzari
Cheibriados
Dithmenos
Fedhas
Gozag
Hepliaklqana
Kikubaaqudgha
Makhleb
Nemelex Xobeh
Okawaru
Qazlal
Ru
Sif Muna
Trog
Uskayaw
Vehumet
Wu Jian
Xom
Yredelemnul
Zin
The Shining One

Shops:
D:2 [   D:4 =   D:6 *

Annotations:
D:8 Grum


Innate Abilities, Weirdness & Mutations

You have razor-sharp teeth.
Your natural rate of healing is unusually fast.
When hurt, damage is shared between your health and your magic reserves.
Your bite disrupts and absorbs the magic of your enemies.
Potions cannot restore your health.


Message History

You hit Grum.
Grum is lightly wounded.
Grum closely misses you. The wolf misses you.
You hit Grum but do no damage. Your bite misses Grum.
Grum is lightly wounded.
The wolf bites you! You block Grum's attack.
Aiming: Grand Finale
Press: ? - help, Shift-Dir - straight line, f - Grum
Aim: Grum, wielding a +1 glaive and wearing a +0 animal skin (lightly wounded)
You fail to use your ability.
The wolf closely misses you.
Aiming: Line Pass
Press: ? - help, Dir - move target, p - Grum Grum appears confused.
You can no longer merge with and destroy a victim.
The wolf misses you.
You hit Grum.
Grum is lightly wounded.
Grum hits you with a +1 glaive! The wolf barely misses you.
Uskayaw prepares the audience for your solo!
a - a +1 rapier (weapon)
You feel yourself slow down.
The helpless Grum fails to defend himself.
You puncture Grum!
Grum is severely wounded.
You can now merge with and destroy a victim.
The helpless Grum fails to defend himself.
You puncture Grum! You bite Grum, but do no damage.
Grum is almost dead.
Grum seems less confused.
Grum is no longer paralysed.
The wolf is no longer paralysed.
The wolf bites you but does no damage. Grum hits you with a +1 glaive!!
* * * LOW HITPOINT WARNING * * *
The wolf bites you!
* * * LOW HITPOINT WARNING * * *
You hit Grum but do no damage.
Grum is almost dead.
The wolf bites you.
* * * LOW HITPOINT WARNING * * *
Grum hits you with a +1 glaive!!
You die...

....# .... .# ...# ... ...#
...# ###..# ..# #..#
###.#..# ##.####... #.....#
#....#....
#....######.......#.
#.h@.....#....##..#.
####.g.##...........##.
#..†..####....#.......†
#.....###..##.....####.....
#....# ##..........# #.....
#...#. #..#.#.##...##......
## ##....
#...####)..##...... .#
#.... #..#.........##.)...
.### ##..#
............###.##..


You could see Grum and a wolf.

Vanquished Creatures
  A shadow (D:7)
  A wyvern (D:8)
  Edmund (D:4)
  A water moccasin (D:8)
  An ice beast (D:7)
  A black bear (D:3)
  A necrophage (D:6)
  An orc warrior (D:6)
  2 wolves (D:8)
  3 centaurs
  A kobold brigand (D:6)
  A gnoll sergeant (D:7)
  2 wyvern zombies (D:7)
  3 scorpions
  A water moccasin zombie (D:7)
  A water moccasin skeleton (D:6)
  4 killer bees (D:8)
  3 wights
  2 hounds
  A jelly (D:6)
  3 orc priests
  A bullfrog skeleton (D:5)
  2 iguanas
  5 orc wizards
  11 gnolls
  A howler monkey zombie (D:7)
  A howler monkey skeleton (D:6)
  13 adders
  A river rat (Sewer)
  A shadow imp (D:8)
  2 ufetubi
  A worm (D:2)
  15 orcs
  5 bats
  6 endoplasms
  3 giant cockroaches
  6 goblins
  5 hobgoblins
  6 jackals
  4 quokkas
  10 ball pythons
  3 frilled lizards
  26 kobolds
  22 rats
185 creatures vanquished.

Vanquished Creatures (others)
  2 plants (D:4)
2 creatures vanquished.

Grand Total: 187 creatures vanquished

Notes
Turn   | Place    | Note
-------+----------+-------------------------------------------
     0 | D:1      | Jerry the Vine Stalker Fighter began the quest for the Orb.
     0 | D:1      | Reached XP level 1. HP: 11/11 MP: 2/2
   184 | D:1      | Reached XP level 2. HP: 15/16 MP: 3/3
   536 | D:1      | Found a faded altar of an unknown god.
  1049 | D:2      | Found Nainem Lymm's Antique Armour Shop.
  1060 | D:2      | Reached skill level 3 in Fighting
  1060 | D:2      | Reached XP level 3. HP: 20/20 MP: 4/4
  2558 | D:3      | Gained mutation: Your natural rate of healing is unusually
                  | fast. [Vine Stalker growth]
  2558 | D:3      | Reached XP level 4. HP: 21/24 MP: 5/5
  2579 | D:3      | Noticed a black bear
  2585 | D:3      | Killed a black bear
  2586 | D:3      | Reached XP level 5. HP: 20/28 MP: 3/6
  2870 | D:4      | Found Lissee Merph's Jewellery Boutique.
  2870 | D:4      | Noticed Edmund
  2951 | D:4      | Reached XP level 6. HP: 32/33 MP: 7/7
  3119 | D:4      | Found a glowing drain.
  3125 | Sewer    | Entered a sewer
  3495 | Sewer    | Reached skill level 4 in Fighting
  3927 | D:4      | Killed Edmund
  3928 | D:4      | Reached XP level 7. HP: 15/37 MP: 5/8
  4582 | D:4      | Identified a scroll of acquirement
  4582 | D:4      | Acquired a +2 buckler of fire resistance
  4688 | D:5      | Entered Level 5 of the Dungeon
  4939 | D:5      | Found a staircase to the Ecumenical Temple.
  4950 | Temple   | Entered the Ecumenical Temple
  5248 | Temple   | Became a worshipper of Uskayaw the Reveller
  5385 | D:5      | Reached * piety under Uskayaw
  5492 | D:5      | Found a shimmering blue altar of Sif Muna.
  5493 | D:5      | Found a blossoming altar of Fedhas.
  5505 | D:5      | Reached ** piety under Uskayaw
  5514 | D:5      | Found a broken altar of Ashenzari.
  5854 | D:6      | Reached *** piety under Uskayaw
  5900 | D:6      | Reached skill level 1 in Invocations
  5900 | D:6      | Gained mutation: You have razor-sharp teeth. [Vine Stalker
                  | growth]
  5900 | D:6      | Reached XP level 8. HP: 42/42 MP: 9/9
  6067 | D:6      | Reached skill level 5 in Shields
  6222 | D:6      | Reached skill level 5 in Fighting
  6367 | D:6      | Found Qeulibip's Assorted Antiques.
  6370 | D:6      | Bought a silvery potion for 28 gold pieces
  6381 | D:6      | Found an opulent altar of Gozag.
  6772 | D:7      | Noticed a shadow
  6786 | D:7      | Reached skill level 5 in Armour
  6792 | D:7      | Reached skill level 1 in Long Blades
  6843 | D:7      | Reached XP level 9. HP: 43/47 MP: 12/12
  7132 | D:7      | Reached **** piety under Uskayaw
  7635 | D:8      | Found an ancient bone altar of Kikubaaqudgha.
  7648 | D:8      | Reached skill level 6 in Fighting
  7782 | D:8      | Noticed Grum
  7820 | D:8      | Reached ***** piety under Uskayaw
  7831 | D:8      | HP: 2/49 [wolf[Grum] (7)]
  7832 | D:8      | Annihilated by Grum

Illustrated notes

Levels and vault maps discovered:
D:1:      dpeg_arrival_shelter, layout_basic, hellmonk_ecumenical_altar_run_dry,
          kennysheep_pointless_box
D:2:      layout_basic, serial_shops, nicolae_diamond_shop, grunt_ministairs_2
D:3:      layout_basic, hex_large
D:4:      layout_loops_ring, portal_sewer_entry_e, serial_rivers,
          chequers_serial_rivers_large_a, chequers_serial_rivers_micro_b,
          chequers_serial_rivers_room_b, chequers_serial_rivers_micro_d,
          chequers_serial_rivers_small_3, chequers_serial_rivers_marsh,
          minmay_shop_enchanted_jewellery, minmay_misc_feat_tiny,
          serial_bayou_pond_a, uniq_edmund
D:5:      layout_loops_ring, grunt_temple_overflow_open,
          minmay_temple_entry_arrows, serial_park_tiny_1
D:6:      layout_cave_pools, grunt_gozag_breadcrumbs, serial_shops,
          nicolae_shop_behind_doors, kennysheep_flooded_box
D:7:      layout_loops_ring
D:8:      layout_cave_pools, nicolae_kikubaaqudgha_miasma_corner, uniq_grum
Temple:   minmay_temple_bridge_d

Skill      XL: |  1  2  3  4  5  6  7  8  9 |
---------------+----------------------------+-----
Short Blades   | 2 3 4 |  4.8
Fighting       | 3 4 5 6 |  6.4
Shields        | 3 4 5 |  5.3
Armour         | 3 4 5 |  5.8
Invocations    | 1 3 4 |  4.7
Long Blades    | 1 3 |  3.3

Action                   |  1- 3 |  4- 6 |  7- 9 || total
-------------------------+-------+-------+-------++-------
Melee: Rapier            |   109 |   158 |   179 ||   446
       Bite              |    31 |    33 |    94 ||   158
       Falchion          |       |       |   128 ||   128
Invok: Line Pass         |       |       |     4 ||     4
       Stomp             |       |       |     1 ||     1
  Use: Potion            |       |     2 |     3 ||     5
       Scroll            |       |     1 |    13 ||    14
 Stab: Paralysed         |       |       |     8 ||     8
Armor: Scale mail        |    40 |    54 |    65 ||   159
       Ring mail         |       |       |    48 ||    48
Dodge: Dodged            |    44 |    55 |   108 ||   207
Block: Buckler           |    28 |    39 |   121 ||   188
